 Dungeon Crawl Stone Soup version 0.31-a0-986-g5e6e4ef867 (webtiles) character file.

Game seed: 4088797957827944046

574 freelancePsychic the Trooper (level 7, 0/55 HPs)
             Began as a Demonspawn Warper on Nov 22, 2023.
             Was an Initiate of Ru.
             Succumbed to a hornet's poison
             ... on level 4 of the Dungeon.
             The game lasted 00:08:32 (2568 turns).

freelancePsychic the Trooper (Demonspawn Warper)    Turns: 2568, Time: 00:08:32

Health: 0/55       AC:  6    Str: 12    XL:     7   Next: 12%
Magic:  1/11       EV: 11    Int: 16    God:    Ru [......]
Gold:   252        SH:  0    Dex: 12    Spells: 6/11 levels left

rFire   . . .        g - +2 dagger (protect)
rCold   . . .        (no shield)
rNeg    . . .        f - +1 troll leather armour {Pargi}
rPois   .            (no helmet)
rElec   .            (no cloak)
rCorr   .            (no gloves)
SInv    .            (no boots)
Will    .....        (no amulet)
Stlth   +            e - +4 ring of slaying
HPRegen 1.09/turn    (no ring)
MPRegen 0.24/turn

%: guardian spirit
@: mighty, lethally poisoned (0 -> -6), slowed, very slow
A: slimy green scales 1, magic shield, magic regeneration
a: Renounce Religion


You were on level 4 of the Dungeon.
You worshipped Ru.
Ru was noncommittal.
You visited 1 branch of the dungeon, and saw 4 of its levels.
You also visited: Sewer.

You collected 252 gold pieces.

Inventory:

Hand Weapons
 a - a +0 spear
 g - a +2 dagger of protection (weapon)
Missiles
 d - 4 darts of dispersal (quivered)
Armour
 f - a +1 troll leather armour (worn) {Pargi}
 l - the +1 leather armour of the Undertaker {Drain +Blink rElec Int+5}
   (You found it in a sewer)

   Int+5:     It affects your intelligence (+5).
   rElec:     It insulates you from electricity.
   +Blink:    It lets you blink.
   Drain:     It drains your maximum health when unequipped.
Magical Staves
 j - a staff of fire
Jewellery
 e - a +4 ring of slaying (left hand)
Scrolls
 n - 2 scrolls of enchant weapon
 o - a scroll of identify {@r1}
Potions
 h - a potion of mutation


   Skills:
 + Level 4.6 Fighting
 - Level 0.3 Short Blades
 - Level 2.3 Polearms
 - Level 0.8 Throwing
 - Level 0.8 Armour
 - Level 1.7 Dodging
 + Level 2.7 Spellcasting
 - Level 2.6 Translocations
 - Level 4.3 Ice Magic
 * Level 2.1 Poison Magic


You had 6 spell levels left.
You knew the following spells:

 Your Spells              Type           Power      Damage    Failure   Level
a - Blink                 Tloc           20%        N/A       12%         2
b - Frozen Ramparts       Ice            32%        1d5       12%         3

Your spell library contained the following spells:

 Spells                   Type           Power      Damage    Failure   Level
 Lesser Beckoning         Tloc           20%        N/A       12%         2
 Sting                    Tmut/Pois      20%        1d4       16%         1
 Poisonous Vapours        Pois/Air       10%        N/A       24%         2
 Teleport Other           Tloc           10%        N/A       24%         3
 Manifold Assault         Tloc           10%        N/A       63%         4
 Olgreb's Toxic Radiance  Pois           8%         N/A       71%         4
 Vhi's Electric Charge    Tloc/Air       12%        N/A       80%         4
 Petrify                  Tmut/Erth      2%         N/A       94%         4
 Metabolic Englaciation   Hex/Ice        4%         N/A       95%         5


Dungeon Overview and Level Annotations

Branches:
Dungeon (4/15)              Sewer (visited)
 Temple: D:4-7

Altars:
Dithmenos
Ru
Uskayaw

Annotations:
D:4 Sigmund


Innate Abilities, Weirdness & Mutations

You are partially covered in slimy green scales. (AC +2)
When hurt, damage is shared between your health and your magic reserves.
You regenerate magic rapidly.


Message History

Press: ? - help, Dir - move target, p - hornet
As you read the scroll of blinking, it crumbles to dust.
You feel sick.
You aren't carrying any items that you can evoke.
Unknown command.
You feel sick.
You are no longer poisoned.
Casting: Frozen Ramparts (dangerous; 13% risk of failure)
Confirm with . or Enter, or press ? or * to list all spells.
Casting: Frozen Ramparts (dangerous; 13% risk of failure)
Press: ? - help, Dir - look around, f - activate The walls around you are covered in ice.
The wall freezes the hornet.
The wall freezes the hornet but does no damage.
You hit the hornet.
Your weapon exudes an aura of protection.
The hornet is severely wounded.
You feel yourself speed up.
The wall freezes the hornet but does no damage.
The hornet barely misses you.
The wall freezes the hornet.
The hornet stings you!
* * * LOW HITPOINT WARNING * * *
You are poisoned.
You feel yourself slow down.
You hit the hornet.
The hornet is almost dead.
You feel very sick.
The wall freezes the hornet but does no damage.
The hornet stings you.
You are lethally poisoned!
You feel as though you will be slow longer.
The wall freezes the hornet.
You kill the hornet!
Your Poison Magic skill gained 2 levels and is now at level 2!
You have reached level 7!
Okay, then.
The frozen ramparts melt away as you move.
* * * LOW HITPOINT WARNING * * *
You feel extremely sick.
You die...

.... ......#....# ###
.......#...#
##.###.....#
##.####....#
#........###
#.......†# #..♣.♣...#
#..♣♣.♣..##
#..♣)♣♣.@.#
#...).♣...### #
#...........#
#########).....)..###
........)))......##
##################


There were no monsters in sight!

Vanquished Creatures
  A hornet (D:4)
  Pargi (Sewer)
  An ogre (D:4)
  A hound (D:4)
  An orc priest (D:4)
  An orc wizard (D:4)
  A gnoll (D:4)
  6 adders
  A worm (D:3)
  3 dart slugs
  4 orcs (D:4)
  6 endoplasms
  4 giant cockroaches
  10 hobgoblins
  5 kobolds
  A quokka (D:1)
  2 ball pythons
  6 bats
  4 frilled lizards
  8 goblins
  6 rats
73 creatures vanquished.

Notes
Turn   | Place    | Note
-------+----------+-------------------------------------------
     0 | D:1      | freelancePsychic the Demonspawn Warper began the quest for
                  | the Orb.
     0 | D:1      | Reached XP level 1. HP: 16/16 MP: 3/3
   113 | D:1      | Gained mutation: You regenerate magic rapidly. [demonic
                  | ancestry]
   113 | D:1      | Reached XP level 2. HP: 21/22 MP: 5/5
   206 | D:1      | Learned a level 2 spell: Blink
   626 | D:1      | Reached XP level 3. HP: 22/28 MP: 6/6
   958 | D:2      | Reached skill level 1 in Ice Magic
  1144 | D:2      | Found a faded altar of an unknown god.
  1454 | D:1      | Learned a level 3 spell: Frozen Ramparts
  1589 | D:3      | Found a sacrificial altar of Ru.
  1610 | D:3      | Became a worshipper of Ru the Awakened
  1639 | D:3      | Found a glowing drain.
  1649 | Sewer    | Entered a sewer
  1686 | Sewer    | Noticed Pargi
  1699 | Sewer    | Killed Pargi
  1700 | Sewer    | Reached XP level 4. HP: 35/35 MP: 7/7
  1700 | Sewer    | Gained mutation: When hurt, damage is shared between your
                  | health and your magic reserves. [demonic ancestry]
  1700 | Sewer    | Reached XP level 5. HP: 41/41 MP: 8/8
  1777 | Sewer    | Identified the +1 leather armour of the Undertaker {Drain
                  | +Blink rElec Int+5}
  1892 | D:3      | Found a shadowy altar of Dithmenos.
  2109 | D:3      | Found a hide-covered altar of Uskayaw.
  2197 | D:4      | Noticed an ogre
  2275 | D:4      | Noticed Sigmund
  2347 | D:4      | Killed an ogre
  2348 | D:4      | Gained mutation: You are partially covered in slimy green
                  | scales. (AC +2) [demonic ancestry]
  2348 | D:4      | Reached XP level 6. HP: 19/48 MP: 3/9
  2389 | D:4      | Noticed a hornet
  2558 | D:4      | Paralysed by a hornet for 3 turns
  2566 | D:4      | Killed a hornet
  2567 | D:4      | Reached XP level 7. HP: 7/55 MP: 0/11
  2567 | D:4      | HP: 2/55 [poisoned by a hornet]
  2568 | D:4      | Succumbed to a hornet's poison

Illustrated notes

Levels and vault maps discovered:
D:1:      amcnicky_arrival_blooded_trapdoor, layout_loops_cross, fountainhead
D:2:      layout_loops_ring, serial_shops, nicolae_shop_tiny_real_fake_doors,
          ebering_ecumenical_altar_abandoned
D:3:      layout_rooms, nicolae_dithmenos_the_darkroom,
          mainiacjoe_overflow_alcove_2, mainiacjoe_overflow_cross_hatched,
          cheibrodos_sewer_entry_drain
D:4:      cheibrodos_barr_body, layout_rooms, roderic_st_hans_cross,
          chequers_garden, hangedman_abyss_or_decor_jellyfish_corner,
          uniq_sigmund

Skill      XL: |  1  2  3  4  5  6 |
---------------+-------------------+-----
Polearms       | 2 |  2.3
Ice Magic      | 2 3 4 |  4.3
Fighting       | 3 4 |  4.6
Poison Magic   | 2 |  2.1
Short Blades   | |  0.3
Throwing       | |  0.8
Armour         | |  0.8
Dodging        | |  1.7
Spellcasting   | |  2.7
Translocations | |  2.6

Action                     |  1- 3 |  4- 6 |  7- 9 || total
---------------------------+-------+-------+-------++-------
  Melee: Spear             |    57 |       |       ||    57
         Dagger            |   147 |    64 |       ||   211
         Punch             |     1 |       |       ||     1
  Throw: Dart              |     2 |     1 |       ||     3
         Throwing net      |       |     2 |       ||     2
   Cast: Blink             |     1 |     1 |       ||     2
         Frozen Ramparts   |       |     6 |       ||     6
    Use: Scroll            |     3 |     6 |       ||     9
         Potion            |     1 |     3 |       ||     4
   Stab: Sleeping          |       |     2 |       ||     2
 Armour: Leather armour    |   105 |       |       ||   105
         Troll leather arm |       |    56 |       ||    56
  Dodge: Dodged            |   109 |    45 |       ||   154

Table legend: (Time is in decaauts)
 A = Elapsed time spent in this place.
 B = Non-inter-level travel time spent in this place.
 C = Inter-level travel time spent in this place.
 D = Time resting spent in this place.
 E = Time spent auto-exploring this place.
 F = Levels seen in this place.
 G = Mean time per level.
                   A        B        C        D        E       F      G
               +--------+--------+--------+--------+--------+-----+--------+
         Total |   2573 |   2386 |    187 |      0 |   1654 |   5 |  514.6 |
       Dungeon |   2368 |   2181 |    187 |      0 |   1535 |   4 |  592.0 |
         Sewer |    205 |    205 |      0 |      0 |    118 |   1 |  205.0 |
               +--------+--------+--------+--------+--------+-----+--------+

Top non-repeatable levels by time:
     D:1: 890 daAuts
     D:2: 625 daAuts
     D:3: 592 daAuts
     D:4: 259 daAuts
   Sewer: 205 daAuts
